Workbook
Name ___sub1: #REF!
Name ___sub2: #REF!
Name ___sub3: #REF!
Name _sub1: #REF!
Name _sub2: #REF!
Name _sub3: #REF!
Name a: #REF!
Name AREA: #REF!
Name B: #REF!
Name BDI: #REF!
Name DOLAR: [1]INSUMOS!$G$8
Name ersdcefgbrnghrbgbrgfbgfwbvbfgvwfv: #REF!
Name Excel_BuiltIn_Print_Area_2: #REF!
Name Excel_BuiltIn_Print_Area_2_1: #REF!
Name Excel_BuiltIn_Print_Area_2_1_1: #REF!
Name Excel_BuiltIn_Print_Area_2_1_1_1: #REF!
Name Excel_BuiltIn_Print_Area_4: #REF!
Name leosde: #REF!
Name NCOMPOSICOES: 7
Name NCOTACOES: 15
Name obra: #REF!
Name obra1: #REF!
Name obra2: #REF!
Name obra3: #REF!
Name obra4: #REF!
Name obra5: #REF!
Name P.1: #REF!
Name P.10: #REF!
Name P.11: #REF!
Name P.12: #REF!
Name P.13: #REF!
Name P.14: #REF!
Name P.15: #REF!
Name P.2: #REF!
Name P.3: #REF!
Name P.4: #REF!
Name P.5: #REF!
Name P.6: #REF!
Name P.7: #REF!
Name P.8: #REF!
Name P.9: #REF!
Name Pedreiro_de_acabamento: [1]INSUMOS!$B$11
Name PP1.1: #REF!
Name PP1.10: #REF!
Name PP1.11: #REF!
Name PP1.12: #REF!
Name PP1.13: #REF!
Name PP1.14: #REF!
Name PP1.15: #REF!
Name PP1.2: #REF!
Name PP1.3: #REF!
Name PP1.4: #REF!
Name PP1.5: #REF!
Name PP1.6: #REF!
Name PP1.7: #REF!
Name PP1.8: #REF!
Name PP1.9: #REF!
Name T.1: #REF!
Name T.10: #REF!
Name T.11: #REF!

Sheet Planilha Orcamentária
A2: PLANILHA ORÇAMENTÁRIA DE CUSTOS
A3: PREFEITURA MUNICIPAL DE INHAPIM-MG
A4: OBRA: PAVIMENTAÇÃO DA RUA LEONEL PEREIRA DE FARIA | E4: DATA: | G4: =TODAY() -> 46142
A5: LOCAL: TAQUARAL - INHAPIM/MG - CEP: 35330-000 | E5: FORMA DE EXECUÇÃO:
A6: REGIÃO/MÊS DE REFERÊNCIA: TABELA SICOR - REGIÃO LESTE - 01/2026 - SEM DESONERAÇÃO / SINAPI 03/2026 - SEM DESONERAÇÃO | E6: ( ) | F6: DIRETA | G6: ( X ) | H6: INDIRETA
A7: COMPOSIÇÃO/DEMONSTRATIVO DE BDI - EM ANEXO | E7: % ISS MUNICIPAL: | F7: 0.05 | G7: BDI: | H7: 0.2449
A9: ITEM | B9: CÓDIGO | C9: DESCRIÇÃO | D9: UNIDADE | E9: QUANTIDADE | F9: PREÇO UNITÁRIO S/ BDI | G9: PREÇO UNITÁRIO C/ BDI | H9: PREÇO TOTAL
A10: 1.0 | C10: PAVIMENTAÇÃO DA RUA LEONEL PEREIRA DE FARIA - SERVIÇOS PRELIMINARES | G10: =ROUND(F10+(F10*$H$7),2) -> 0 | H10: =SUM(H11) -> 1502.25
A11: 1.1 | B11: SICOR-ED-28427 | C11: FORNECIMENTO E COLOCAÇÃO DE PLACA DE OBRA EM CHAPA GALVANIZADA #26, ESP. 0,45MM, DIMENSÃO (3X1,5)M, PLOTADA COM ADESIVO VINÍLICO, AFIXADA COM REBITES 4,8X40MM, EM ESTRUTURA METÁLICA DE METALON 20X20MM, ESP. 1,25MM, INCLUSIVE SUPORTE EM EUCALIPTO AUTOCLAVADO PINTADO COM TINTA PVA DUAS (2) DEMÃOS | D11: UND | E11: 1 | F11: 1206.72 | G11: =ROUND(F11+(F11*$H$7),2) -> 1502.25 | H11: =ROUND((E11*G11),2) -> 1502.25
A12: 2.0 | C12: PAVIMENTAÇÃO DA RUA LEONEL PEREIRA DE FARIA - PAVIMENTAÇÃO | G12: =ROUND(F12+(F12*$H$7),2) -> 0 | H12: =SUM(H13:H17) -> 228017.76
A13: 2.1 | B13: SINAPI-95429 | C13: TRANSPORTE COM CAMINHÃO BASCULANTE DE 18 M³, EM VIA URBANA EM REVESTIMENTO PRIMÁRIO (UNIDADE: TXKM). AF_07/2020 | D13: TXKM | E13: 5209.68 | F13: 1.62 | G13: =ROUND(F13+(F13*$H$7),2) -> 2.02 | H13: =ROUND((E13*G13),2) -> 10523.55
A14: 2.2 | B14: SINAPI-94273 | C14: ASSENTAMENTO DE GUIA (MEIO-FIO) EM TRECHO RETO, CONFECCIONADA EM CONCRETO PRÉ-FABRICADO, DIMENSÕES 100X15X13X30 CM (COMPRIMENTO X BASE INFERIOR X BASE SUPERIOR X ALTURA), PARA VIAS URBANAS (USO VIÁRIO). AF_06/2016 | D14: M | E14: 475 | F14: 70.15 | G14: =ROUND(F14+(F14*$H$7),2) -> 87.33 | H14: =ROUND((E14*G14),2) -> 41481.75
A15: 2.3 | B15: SINAPI-92394 | C15: EXECUÇÃO DE PAVIMENTO EM PISO INTERTRAVADO, COM BLOCO SEXTAVADO DE 25 X 25 CM, ESPESSURA 8 CM. AF_10/2022 | D15: M2 | E15: 1135 | F15: 104.71 | G15: =ROUND(F15+(F15*$H$7),2) -> 130.35 | H15: =ROUND((E15*G15),2) -> 147947.25
A16: 2.4 | B16: SINAPI-94287 | C16: EXECUÇÃO DE SARJETA DE CONCRETO USINADO, MOLDADO IN LOCO EM TRECHO RETO, 30 CM BASE X 10 CM | D16: M | E16: 475 | F16: 37.21 | G16: =ROUND(F16+(F16*$H$7),2) -> 46.32 | H16: =ROUND((E16*G16),2) -> 22002
A17: 2.5 | B17: COMPOSIÇÃO 001 | C17: VIGA EM CONCRETO ARMADO | D17: M | E17: 40.09 | F17: =Composição!G10 -> 121.49 | G17: =ROUND(F17+(F17*$H$7),2) -> 151.24 | H17: =ROUND((E17*G17),2) -> 6063.21
A18: ,
A19: VALOR TOTAL DA OBRA: | H19: =H12+H10 -> 229520.01
A24: ___________________________________________
A25: ='Memória de Cálculo'!C20 -> Caio Henrique da Silva Carvalho
A26: ='Memória de Cálculo'!C21 -> CREA/MG Nº: MG 240.713/D
A30: ___________________________________________
A31: ='Memória de Cálculo'!C25 -> Prefeito Municipal de Inhapim-MG
A32: ='Memória de Cálculo'!C26 -> Sandro Adriano Oliveira Silva
A34: Observações: Os textos destacados na cor vermelho deverão ser preenchidos e revisados de acordo com a aplicabilidade de cada obra, no tocante à: região da Tabela de Referencial de Preços Unitários a ser adotada; percentuais de ISS e dos parâmetros adotados no demonstrativo/composição BDI a ser apresentado pelo(a) Responsável Técnico(a) do Município dos quais deverão estar em conformidade com os critérios vigentes e aplicáveis; quantitativos; preços vigentes da Tabela Referencial de Preços Unitários e demais informações pertinentes aos serviços para execução das obras.

Sheet Memória de Cálculo
A2: MEMÓRIA DE CÁLCULO DE QUANTITATIVOS
A3: PREFEITURA MUNICIPAL DE INHAPIM-MG
A4: OBRA: PAVIMENTAÇÃO DA RUA LEONEL PEREIRA DE FARIA
A5: LOCAL: TAQUARAL - INHAPIM/MG - CEP: 35330-000 | E5: DATA: | F5: =TODAY() -> 46142
A7: ITEM | B7: CÓDIGO | C7: DESCRIÇÃO | D7: UNIDADE | E7: QUANTIDADE | F7: FÓRMULA DO CÁLCULO
A8: 1.1 | C8: ='Planilha Orcamentária'!C10 -> PAVIMENTAÇÃO DA RUA LEONEL PEREIRA DE FARIA - SERVIÇOS PRELIMINARES
A9: ='Planilha Orcamentária'!A11 -> 1.1 | B9: ='Planilha Orcamentária'!B11 -> SICOR-ED-28427 | C9: ='Planilha Orcamentária'!C11 -> FORNECIMENTO E COLOCAÇÃO DE PLACA DE OBRA EM CHAPA GALVANIZADA #26, ESP. 0,45MM, DIMENSÃO (3X1,5)M, PLOTADA COM ADESIVO VINÍLICO, AFIXADA COM REBITES 4,8X40MM, EM ESTRUTURA METÁLICA DE METALON 20X20MM, ESP. 1,25MM, INCLUSIVE SUPORTE EM EUCALIPTO AUTOCLAVADO PINTADO COM TINTA PVA DUAS (2) DEMÃOS | D9: ='Planilha Orcamentária'!D11 -> UND | E9: ='Planilha Orcamentária'!E11 -> 1 | F9: 1 UND
A10: ='Planilha Orcamentária'!A12 -> 2.0 | C10: ='Planilha Orcamentária'!C12 -> PAVIMENTAÇÃO DA RUA LEONEL PEREIRA DE FARIA - PAVIMENTAÇÃO
A11: ='Planilha Orcamentária'!A13 -> 2.1 | B11: ='Planilha Orcamentária'!B13 -> SINAPI-95429 | C11: ='Planilha Orcamentária'!C13 -> TRANSPORTE COM CAMINHÃO BASCULANTE DE 18 M³, EM VIA URBANA EM REVESTIMENTO PRIMÁRIO (UNIDADE: TXKM). AF_07/2020 | D11: ='Planilha Orcamentária'!D13 -> TXKM | E11: ='Planilha Orcamentária'!E13 -> 5209.68 | F11: Peso do bloquete = (Área do calçamento x espessura do bloquete x massa específica) 1000 x km x 2; Peso do meio-fio = {[(B+b)/2xhxH] x massa específica}/1000 x km x 2; [(1135x0,08x2400)/1000]x19,6 + {[(0,15+0,13)/2x0,30x475]x2400}/1000x19,6 = 5209,68 TXKM
A12: ='Planilha Orcamentária'!A14 -> 2.2 | B12: ='Planilha Orcamentária'!B14 -> SINAPI-94273 | C12: ='Planilha Orcamentária'!C14 -> ASSENTAMENTO DE GUIA (MEIO-FIO) EM TRECHO RETO, CONFECCIONADA EM CONCRETO PRÉ-FABRICADO, DIMENSÕES 100X15X13X30 CM (COMPRIMENTO X BASE INFERIOR X BASE SUPERIOR X ALTURA), PARA VIAS URBANAS (USO VIÁRIO). AF_06/2016 | D12: ='Planilha Orcamentária'!D14 -> M | E12: ='Planilha Orcamentária'!E14 -> 475 | F12: Somatória dos meios-fios = 475,00m
A13: ='Planilha Orcamentária'!A15 -> 2.3 | B13: ='Planilha Orcamentária'!B15 -> SINAPI-92394 | C13: ='Planilha Orcamentária'!C15 -> EXECUÇÃO DE PAVIMENTO EM PISO INTERTRAVADO, COM BLOCO SEXTAVADO DE 25 X 25 CM, ESPESSURA 8 CM. AF_10/2022 | D13: ='Planilha Orcamentária'!D15 -> M2 | E13: ='Planilha Orcamentária'!E15 -> 1135 | F13: Conforme projeto em AutoCad = 1135,00m²
A14: ='Planilha Orcamentária'!A16 -> 2.4 | B14: ='Planilha Orcamentária'!B16 -> SINAPI-94287 | C14: ='Planilha Orcamentária'!C16 -> EXECUÇÃO DE SARJETA DE CONCRETO USINADO, MOLDADO IN LOCO EM TRECHO RETO, 30 CM BASE X 10 CM | D14: ='Planilha Orcamentária'!D16 -> M | E14: ='Planilha Orcamentária'!E16 -> 475 | F14: Somatória total de acordo com o projeto = 475,00m
A15: ='Planilha Orcamentária'!A17 -> 2.5 | B15: ='Planilha Orcamentária'!B17 -> COMPOSIÇÃO 001 | C15: ='Planilha Orcamentária'!C17 -> VIGA EM CONCRETO ARMADO | D15: ='Planilha Orcamentária'!D17 -> M | E15: ='Planilha Orcamentária'!E17 -> 40.09 | F15: Somatória total de acordo com o projeto = 40,09m
C19: _____________________________________________
C20: Caio Henrique da Silva Carvalho
C21: CREA/MG Nº: MG 240.713/D
C24: _____________________________________________
C25: Prefeito Municipal de Inhapim-MG
C26: Sandro Adriano Oliveira Silva

Sheet Cronograma
A2: CRONOGRAMA FÍSICO-FINANCEIRO
A3: ='Planilha Orcamentária'!A3 -> PREFEITURA MUNICIPAL DE INHAPIM-MG | C3: VALOR DO CONVÊNIO: | D3: =D12 -> 229520.01 | E3: DATA: | G3: =TODAY() -> 46142 | I3: FOLHA Nº: 01/01
A4: ='Planilha Orcamentária'!A4 -> OBRA: PAVIMENTAÇÃO DA RUA LEONEL PEREIRA DE FARIA | E4: PREVISÃO DE EXECUÇÃO DAS OBRAS: 3 MESES
A5: ='Planilha Orcamentária'!A5 -> LOCAL: TAQUARAL - INHAPIM/MG - CEP: 35330-000
A6: ITENS | B6: ETAPAS/DESCRIÇÃO | C6: FÍSICO/ FINANCEIRO | D6: TOTAL ETAPAS | E6: MÊS 1 | G6: MÊS 2 | I6: MÊS 3
A7: ='Planilha Orcamentária'!A10 -> 1.0 | B7: ='Planilha Orcamentária'!C10 -> PAVIMENTAÇÃO DA RUA LEONEL PEREIRA DE FARIA - SERVIÇOS PRELIMINARES | C7: Físico % | D7: =D8/$D$12 -> 0.006545181 | E7: 1
C8: Financeiro | D8: ='Planilha Orcamentária'!H11 -> 1502.25 | E8: =D8*$E7 -> 1502.25
A9: ='Planilha Orcamentária'!A12 -> 2.0 | B9: ='Planilha Orcamentária'!C12 -> PAVIMENTAÇÃO DA RUA LEONEL PEREIRA DE FARIA - PAVIMENTAÇÃO | C9: Físico % | D9: =D10/$D$12 -> 0.99345482 | E9: 0.3 | G9: 0.4 | I9: 0.3
C10: Financeiro | D10: ='Planilha Orcamentária'!H12 -> 228017.76 | E10: =E9*$D10 -> 68405.328 | G10: =G9*$D10 -> 91207.104 | I10: =I9*$D10 -> 68405.328
A11: TOTAL: | C11: Físico % | D11: =D9+D7 -> 1 | E11: =E12/$D$12 -> 0.30458163 | G11: =G12/$D$12 -> 0.39738193 | I11: =I12/$D$12 -> 0.29803645
C12: Financeiro | D12: ='Planilha Orcamentária'!H19 -> 229520.01 | E12: =E10+E8 -> 69907.578 | G12: =G10 -> 91207.104 | I12: =I10 -> 68405.328 | K12: =E11+G11+I11 -> 1
I13: Observações: | K13: =E12+G12+I12 -> 229520.01
B15: ='Memória de Cálculo'!C20 -> Caio Henrique da Silva Carvalho
B16: ='Memória de Cálculo'!C21 -> CREA/MG Nº: MG 240.713/D
B19: ='Memória de Cálculo'!C25 -> Prefeito Municipal de Inhapim-MG
B20: ='Memória de Cálculo'!C26 -> Sandro Adriano Oliveira Silva

Sheet Memorial Descritivo
A2: MEMORIAL DESCRITIVO
A3: PREFEITURA MUNICIPAL DE INHAPIM-MG
A4: OBRA: PAVIMENTAÇÃO DA RUA LEONEL PEREIRA DE FARIA
A5: LOCAL: TAQUARAL - INHAPIM/MG - CEP: 35330-000 | E5: DATA: | F5: =TODAY() -> 46142
A7: ITEM | B7: CÓDIGO | C7: DESCRIÇÃO | D7: DETALHAMENTO
A8: 1.0 | C8: ='Planilha Orcamentária'!C10 -> PAVIMENTAÇÃO DA RUA LEONEL PEREIRA DE FARIA - SERVIÇOS PRELIMINARES
A9: ='Planilha Orcamentária'!A11 -> 1.1 | B9: ='Planilha Orcamentária'!B11 -> SICOR-ED-28427 | C9: ='Planilha Orcamentária'!C11 -> FORNECIMENTO E COLOCAÇÃO DE PLACA DE OBRA EM CHAPA GALVANIZADA #26, ESP. 0,45MM, DIMENSÃO (3X1,5)M, PLOTADA COM ADESIVO VINÍLICO, AFIXADA COM REBITES 4,8X40MM, EM ESTRUTURA METÁLICA DE METALON 20X20MM, ESP. 1,25MM, INCLUSIVE SUPORTE EM EUCALIPTO AUTOCLAVADO PINTADO COM TINTA PVA DUAS (2) DEMÃOS | D9: Para a execução da placa de obras a empresa ganhadora deverá atender a especificação do manual de placa de obra de acordo com a descrição.
A10: ='Planilha Orcamentária'!A12 -> 2.0 | C10: ='Planilha Orcamentária'!C12 -> PAVIMENTAÇÃO DA RUA LEONEL PEREIRA DE FARIA - PAVIMENTAÇÃO
A11: ='Planilha Orcamentária'!A13 -> 2.1 | B11: ='Planilha Orcamentária'!B13 -> SINAPI-95429 | C11: ='Planilha Orcamentária'!C13 -> TRANSPORTE COM CAMINHÃO BASCULANTE DE 18 M³, EM VIA URBANA EM REVESTIMENTO PRIMÁRIO (UNIDADE: TXKM). AF_07/2020 | D11: Este ítem compete ao transporte de bloquetes e meios-fios até o local da obra tendo em vista que o mesmo é distante de qualquer fábrica de pré moldado. Foi feita uma relação entre o peso dos materiais e e a distância média até a fábrica mais próxima.
A12: ='Planilha Orcamentária'!A14 -> 2.2 | B12: ='Planilha Orcamentária'!B14 -> SINAPI-94273 | C12: ='Planilha Orcamentária'!C14 -> ASSENTAMENTO DE GUIA (MEIO-FIO) EM TRECHO RETO, CONFECCIONADA EM CONCRETO PRÉ-FABRICADO, DIMENSÕES 100X15X13X30 CM (COMPRIMENTO X BASE INFERIOR X BASE SUPERIOR X ALTURA), PARA VIAS URBANAS (USO VIÁRIO). AF_06/2016 | D12: Serão locadas conforme projeto. Será realizada uma abertura de uma pequena vala de 15 cm de largura e profundidade, na qual, posteriormente serão posicionadas as guias, seguindo o alinhamento e nivelamento de projeto.
A13: ='Planilha Orcamentária'!A15 -> 2.3 | B13: ='Planilha Orcamentária'!B15 -> SINAPI-92394 | C13: ='Planilha Orcamentária'!C15 -> EXECUÇÃO DE PAVIMENTO EM PISO INTERTRAVADO, COM BLOCO SEXTAVADO DE 25 X 25 CM, ESPESSURA 8 CM. AF_10/2022 | D13: Sobre o leito da rua preparado, serão assentados os blocos de concreto sobre colchão de areia com espessura não inferior a 06cm. Após o assentamento serão rejuntados com pó de pedra ou areia e compactados com placa vibratória.
A14: ='Planilha Orcamentária'!A16 -> 2.4 | B14: ='Planilha Orcamentária'!B16 -> SINAPI-94287 | C14: ='Planilha Orcamentária'!C16 -> EXECUÇÃO DE SARJETA DE CONCRETO USINADO, MOLDADO IN LOCO EM TRECHO RETO, 30 CM BASE X 10 CM | D14: Serão construídas em concreto usinado e bombeado C= 20Mpa , medindo 30cm de largura e espessura de 10 cm, sobre o subleito já previamente preparado, respeitando a declividade do pavimento (i > ou = 3%), para o perfeito escoamento das águas.
A15: ='Planilha Orcamentária'!A17 -> 2.5 | B15: ='Planilha Orcamentária'!B17 -> COMPOSIÇÃO 001 | C15: ='Planilha Orcamentária'!C17 -> VIGA EM CONCRETO ARMADO | D15: Será realizado todo o processo de escavação, armação das ferragens, montagem e desmontagem das formas e concretagem de acordo com as normas da NBR-6118.Irão abrir valas de 30 cm de profundidade e 15 de largura com o comprimento de meio-fio a meio-fio. Forma em tábuas de madeira para concreto armado, reaproveitamento 2x, incluso montagem e desmontagem. As formas deverão ser executadas em tábuas de madeira serrada de boa qualidade . As amarrações que atravessam as formas deverão ser feitas com espaçamento regular. A armadura não poderá ficar em contato direto com a fôrma, obedecendo-se para isso a distância mínima prevista na NBR-6118 e no projeto estrutural. Deverão ser empregados afastadores de armadura dos tipos "clips" plásticos ou pastilhas de argamassa.
C20: Caio Henrique da Silva Carvalho
C21: CREA/MG Nº: MG 240.713/D
C25: Prefeito Municipal de Inhapim-MG
C26: Sandro Adriano Oliveira Silva

Sheet BDI
A4: OBRA: PAVIMENTAÇÃO DA RUA LEONEL PEREIRA DE FARIA
A5: LOCAL: TAQUARAL
A6: MUNICIPIO: INHAPIM/MG - CEP: 35330-000
A7: DATA: | B7: =TODAY() -> 46142
B9: DETALHAMENTO DE BDI
B11: ITEM COMPONENTE DO BDI | D11: %
B12: Administração Central | C12: AC | D12: =H12*100 -> 4.67 | H12: 0.0467
B13: Seguro e Garantia | C13: SG | D13: =H13*100 -> 0.74 | H13: 0.0074
B14: Risco | C14: R | D14: =H14*100 -> 0.97 | H14: 0.0097
B15: Despesas Financeiras | C15: DF | D15: =H15*100 -> 1.05 | H15: 0.0105
B16: Lucro | C16: L | D16: =H16*100 -> 7.53 | H16: 0.0753
B17: Tibutos ( Impostos COFINS, 3% E PIS 0,65) | C17: CP | D17: =H17*100 -> 3.65 | H17: 0.0365
B18: Tributos (ISS, variável de acordo com o município) | C18: ISS | D18: =H18*100 -> 3.5 | H18: 0.035
B19: Tributos (Contribuição Previdenciária - 0% ou 4,5%, conforme Lei 12.844/2013 - Desoneração) | C19: CPRB | D19: =H19*100 -> 0 | H19: 0
A23: BDI = [((1+AC + DF+RE+GA)*(1+DF)*(1+L)) /(1-CP-ISS-CPRB)]-1
C25: BDI= | D25: =(((1+H12+H13+H14)*(1+H15)*(1+H16))/(1-H17-H18-H19))-1 -> 0.24492745
C28: BDI = | D28: =D25*1 -> 0.24492745
A39: ___________________________ Caio Henrique da Silva Carvalho Engenheiro Civil Crea-MG 240.713/D

Sheet Composição
A4: OBRA: PAVIMENTAÇÃO DA RUA LEONEL PEREIRA DE FARIA
A5: =BDI!A5 -> LOCAL: TAQUARAL
A6: =BDI!A6 -> MUNICIPIO: INHAPIM/MG - CEP: 35330-000
A7: DATA: | B7: =TODAY() -> 46142
A9: QUADRO DE COMPOSIÇÕES
A10: COMPOSIÇÃO | B10: 001 | C10: VIGA EM CONCRETO ARMADO | D10: M | F10: 0 | G10: =ROUND(E11*G11+E12*G12+E13*G13+E14*G14+E15*G15,2) -> 121.49
A11: SINAPI | B11: 94970 | C11: CONCRETO FCK = 20MPA, TRAÇO 1:2,7:3 (EM MASSA SECA DE CIMENTO/ AREIA MÉDIA/ BRITA 1) - PREPARO MECÂNICO COM BETONEIRA 600 L. AF_05/2021 | D11: M3 | E11: 0.063 | F11: 0 | G11: 556.62
A12: SINAPI | B12: 93358 | C12: ESCAVAÇÃO MANUAL DE VALA COM PROFUNDIDADE MENOR OU IGUAL A 1,30 M. AF_02/2021 | D12: M3 | E12: 0.063 | F12: 0 | G12: 98.41
A13: SINAPI | B13: 92802 | C13: CORTE E DOBRA DE AÇO CA-50, DIÂMETRO DE 8,0 MM. AF_06/2022 | D13: KG | E13: 2.212 | F13: 0 | G13: 9.03
A14: SINAPI | B14: 92800 | C14: CORTE E DOBRA DE AÇO CA-60, DIÂMETRO DE 5,0 MM. AF_06/2022 | D14: KG | E14: 1.078 | F14: 0 | G14: 9.43
A15: SINAPI | B15: 103796 | C15: FABRICAÇÃO, MONTAGEM E DESMONTAGEM DE FÔRMA PARA BACIA DE DISSIPAÇÃO, EM MADEIRA SERRADA, E = 25 MM, 2 UTILIZAÇÕES. AF_08/2022 | D15: M2 | E15: 0.84 | F15: 0 | G15: 59.62
A18: _________________________________
A19: Caio Henrique da Silva Carvalho
A20: CREA/MG Nº: MG 240.713/D
